 Dungeon Crawl Stone Soup version 0.27.1-34-g3ba077fa99 (webtiles) character file.

Game seed: 16351846685216525166

11556 sankara the Martial Artist (level 11, -3/94 HPs)
             Began as a Minotaur Transmuter on Jan 19, 2022.
             Was an Elder of Okawaru.
             Slain by a yak (12 damage)
             ... on level 2 of the Lair of Beasts.
             The game lasted 00:49:04 (14911 turns).

sankara the Martial Artist (Minotaur Transmuter)   Turns: 14911, Time: 00:49:04

Health: -3/94      AC:  2    Str: 14    XL:     11   Next: 50%
Magic:  9/13       EV: 25    Int: 16    God:    Okawaru [****..]
Gold:   955        SH:  5    Dex: 20    Spells: 3/13 levels left

rFire    . . .     SeeInvis .     - Unarmed
rCold    . . .     Faith    .   (shield currently unavailable)
rNeg     . . .     Spirit   .   (armour currently unavailable)
rPois    x         Reflect  +   (helmet currently unavailable)
rElec    .         Harm     .   (cloak currently unavailable)
rCorr    .         Rampage  .   (gloves currently unavailable)
Will     .....                  (boots currently unavailable)
Stlth    +++.......             C - amulet of reflection
HPRegen  0.25/turn              k - ring of flight
MPRegen  0.13/turn              R - +6 ring of intelligence

@: spider-form (expiring), wereblooded, flying
A: venomous fangs, tiny, (horns 2), (retaliatory headbutt)
a: End Transformation, Renounce Religion, Heroism


You were on level 2 of the Lair of Beasts.
You worshipped Okawaru.
Okawaru was greatly pleased with you.
You were a venomous arachnid creature.
You visited 3 branches of the dungeon, and saw 12 of its levels.
You also visited: Sewer and Bailey.

You collected 1029 gold pieces.
You spent 74 gold pieces at shops.

Inventory:

Hand Weapons
 b - a +0 hunting sling
 N - the +8 lajatang of Amim {antimagic, rN+}
   (You found it on level 1 of the Lair of Beasts)

   It reduces the magical energy of the wielder, and disrupts the spells and
   magical abilities of those it strikes.
   Natural abilities and divine invocations are not affected.
   rN:        It protects you from negative energy.
 P - the +5 war axe of the Beginning {freeze, rC+ rN+ Will+}
   (You found it on level 1 of the Lair of Beasts)

   It freezes those it strikes, dealing additional cold damage.
   It can also slow down cold-blooded creatures.
   rC:        It protects you from cold.
   rN:        It protects you from negative energy.
   Will:      It increases your willpower.
Missiles
 a - 7 datura-tipped darts
 c - 47 boomerangs (quivered)
 m - 43 poisoned darts
 p - 2 javelins
 s - 52 sling bullets
 x - 3 silver javelins
 z - 268 stones
 J - a throwing net
Armour
 o - a +0 pair of boots (melded)
 q - a +0 robe of willpower (melded)
 r - a +0 buckler
 v - a +1 cloak of poison resistance (melded)
 D - a +4 scale mail of positive energy
 Q - a +0 pair of gloves (melded)
Jewellery
 k - a ring of flight (left front leg)
 C - an amulet of reflection (around neck)
 H - a ring of ice
 O - a ring of resist corrosion
 R - a +6 ring of intelligence (right front leg)
Wands
 g - a wand of iceblast (9)
 h - a wand of paralysis (13)
 u - a wand of flame (26)
 y - a wand of mindburst (6)
Scrolls
 e - a scroll of blinking
 f - 5 scrolls of teleportation
 j - 3 scrolls of amnesia
 t - a scroll of silence
 A - a scroll of holy word {unknown}
 B - a scroll of magic mapping
 E - 3 scrolls of identify
 G - a scroll of fog {unknown}
 I - a scroll of enchant weapon
 M - a scroll of fear {unknown}
Potions
 d - a potion of heal wounds
 i - 3 potions of brilliance
 l - 2 potions of cancellation
 n - 2 potions of attraction
 w - a potion of might
 F - a potion of invisibility
 K - a potion of haste {unknown}
 L - a potion of ambrosia {unknown}


   Skills:
 + Level 7.8 Fighting
 - Level 3.0 Throwing
 + Level 7.3 Dodging
 - Level 3.0 Stealth
 + Level 10.8 Unarmed Combat
 - Level 1.5 Spellcasting
 + Level 7.4 Transmutations
 + Level 2.4 Ice Magic
 - Level 3.0 Poison Magic
 - Level 5.0 Invocations
 - Level 3.0 Evocations


You had 3 spell levels left.
You knew the following spells:

 Your Spells              Type           Power      Damage    Failure   Level
a - Beastly Appendage     Tmut           48%        N/A       5%          1
b - Wereblood             Tmut           24%        N/A       7%          2
c - Spider Form           Tmut/Pois      8%         N/A       21%         3
d - Ice Form              Ice/Tmut       16%        N/A       50%         4

Your spell library contained the following spells:

 Spells                   Type           Power      Damage    Failure   Level
 Animate Skeleton         Necr           2%         N/A       43%         1
 Apportation              Tloc           2%         N/A       43%         1
 Corona                   Hex            1%         N/A       43%         1
 Shock                    Conj/Air       4%         1d3       43%         1
 Summon Small Mammal      Summ           4%         N/A       43%         1
 Ozocubu's Armour         Ice            8%         N/A       45%         3
 Static Discharge         Conj/Air       1%         N/A       54%         2
 Swiftness                Air            1%         N/A       75%         3
 Airstrike                Air            0%         N/A       98%         4
 Lightning Bolt           Conj/Air       0%         1d11      100%        5
 Ozocubu's Refrigeration  Ice            4%         4d5       100%        7
 Maxwell's Capacitive Co  Air            0%         ∞         100%        8


Dungeon Overview and Level Annotations

Branches:
Dungeon (9/15)             Temple (1/1) D:7            Lair (2/6) D:8
  Snake (0/4) Lair:2        Sewer (visited)          Bailey (visited)
  Swamp: Lair:2-4    Shoals: Lair:2-4       Orc: D:9-12

Altars:
Elyvilon
Fedhas
Hepliaklqana
Kikubaaqudgha
Makhleb
Nemelex Xobeh
Okawaru
Sif Muna
Trog
Uskayaw
Vehumet
Xom
Yredelemnul
Zin
The Shining One

Shops:
D:1 [   D:3 =   D:4 *


Innate Abilities, Weirdness & Mutations

You are a venomous arachnid creature.
You have poisonous fangs.
You are tiny and dextrous.
Your spellcasting is less reliable in this form.
Your armour is entirely melded.
You are incapable of wielding weapons or throwing items.
((You have a pair of horns on your head.))
((You reflexively headbutt those who attack you in melee.))


Message History

The yak completely misses you. The blink frog misses you. The yak misses you.
The yak completely misses you.
You bite the yak!
The yak looks as sick as possible!
The yak is almost dead.
You feel a bit better.
You kill the blink frog!
Okawaru accepts your kill. The yak completely misses you.
You bite the yak!
You feel a bit better.
You kill the yak!
Okawaru accepts your kill.
You feel a bit better.
You kill the yak!
Okawaru accepts your kill. The rime drake breathes ice at you.
The flash freeze hits you!
* * * LOW HITPOINT WARNING * * *
You are encased in ice.
The yak gores you!
* * * LOW HITPOINT WARNING * * *
You block the yak's attack.
You bite the yak!
The yak looks even sicker.
The yak is moderately wounded.
The blink frog completely misses you. The yak misses you.
The blink frog completely misses you.
You bite the yak!
The yak is poisoned.
The yak is moderately wounded.
The yak completely misses you. The rime drake closely misses you.
The blink frog barely misses you.
You bite the rime drake!
The rime drake is heavily wounded.
The ice encasing you melts away. The yak completely misses you.
The blink frog blinks! x2
The rime drake misses you. The yak barely misses you.
The blink frog completely misses you.
You closely miss the rime drake.
The rime drake is heavily wounded.
The yak completely misses you. The rime drake completely misses you.
The blink frog blinks!
The yak gores you!
You die...

§≈♣ .#. ♣;.♣#........
♣.$PP........ . #.
......#.#... .. ..
#...##...##.#
..#.###..#P......
#.....†.§....!#
.#..#.§Y#.F.## .#
...F...YskF..P# ..##
#......####..#####...#
##..##. #...P##P#...#
## #. ##..........###
#. .#P..........#..
............#P.....
#.......P...bP.P#
###............##
##............#


You could see 2 yaks, 3 blink frogs, a rime drake and an electric eel.

Vanquished Creatures
  Harold (D:8)
  A hydra (Lair:1)
  A two-headed ogre (D:8)
  An orc knight (Bailey)
  Maurice (D:8)
  5 cane toads (Lair:1)
  A komodo dragon (Lair:1)
  A blink frog (Lair:2)
  13 yaks
  A steam dragon (D:8)
  3 wargs (D:8)
  Menkaure (D:4)
  2 nagas (Lair:2)
  2 water moccasins (Lair:1)
  A black bear (D:4)
  An ice beast (D:8)
  4 orc warriors
  A sky beast (D:7)
  A hornet zombie (D:6)
  4 ogres
  5 necrophages (D:4)
  3 wolves (Lair:1)
  A centaur (D:3)
  2 phantoms
  2 kobold brigands
  2 scorpions
  3 bullfrogs
  A gnoll sergeant (D:8)
  A wyvern zombie (D:6)
  5 killer bees (D:8)
  3 wights (D:8)
  2 vampire bats (Lair:1)
  2 centaur zombies (D:8)
  A hound (D:5)
  A jelly (D:6)
  2 orc priests
  2 centaur skeletons
  A bullfrog skeleton (D:6)
  3 iguanas
  Natasha (twice) (D:3)
  4 orc wizards
  5 killer bee zombies
  3 hound zombies
  A hound skeleton (D:4)
  8 gnolls
  13 adders
  A white imp (D:6)
  An ufetubus (D:6)
  3 worms
  5 dart slugs
  12 orcs
  14 endoplasms
  13 giant cockroaches
  5 goblins
  5 hobgoblins
  4 jackals (D:3)
  8 quokkas
  12 ball pythons
  13 bats
  13 frilled lizards
  22 kobolds
  9 rats
  A bush (D:4)
265 creatures vanquished.

Vanquished Creatures (others)
  A bush (D:4)
  4 fungi
  19 plants
24 creatures vanquished.

Grand Total: 289 creatures vanquished

Notes
Turn   | Place    | Note
-------+----------+-------------------------------------------
     0 | D:1      | sankara the Minotaur Transmuter began the quest for the
                  | Orb.
     0 | D:1      | Reached XP level 1. HP: 16/16 MP: 1/1
   206 | D:1      | Found Osegalea's Antique Armour Shop.
   214 | D:1      | Reached XP level 2. HP: 21/23 MP: 1/3
   217 | D:1      | Learned a level 2 spell: Wereblood
   380 | D:1      | Found a faded altar of an unknown god.
  1183 | D:2      | Reached skill level 4 in Unarmed Combat
  1183 | D:2      | Reached XP level 3. HP: 28/28 MP: 2/4
  1943 | D:3      | Noticed a centaur
  1959 | D:3      | Killed a centaur
  1960 | D:3      | Reached skill level 5 in Unarmed Combat
  1960 | D:3      | Reached XP level 4. HP: 12/35 MP: 1/5
  1960 | D:3      | Reached XP level 5. HP: 14/40 MP: 1/6
  1966 | D:3      | Learned a level 3 spell: Spider Form
  2021 | D:3      | Found a glowing drain.
  2199 | Sewer    | Entered a sewer
  2725 | Sewer    | Reached skill level 1 in Poison Magic
  2830 | Sewer    | Reached XP level 6. HP: 40/47 MP: 0/7
  4044 | D:3      | Noticed Natasha
  4058 | D:3      | Killed Natasha
  4223 | D:3      | Noticed Natasha
  4236 | D:3      | Killed Natasha
  4642 | D:3      | Found Pieph's Jewellery Emporium.
  4814 | D:4      | Found an ancient bone altar of Kikubaaqudgha.
  4928 | D:4      | Noticed Menkaure
  4942 | D:4      | Killed Menkaure
  4943 | D:4      | Reached XP level 7. HP: 52/52 MP: 5/8
  5190 | D:4      | Found a blossoming altar of Fedhas.
  5309 | D:4      | Reached skill level 6 in Unarmed Combat
  5325 | D:4      | Reached skill level 5 in Transmutations
  5534 | D:4      | Reached XP level 8. HP: 52/59 MP: 6/9
  5555 | D:4      | Found Wehod's General Store.
  5933 | D:4      | Reached skill level 7 in Unarmed Combat
  6571 | D:1      | Bought a glowing robe for 74 gold pieces
  6690 | D:5      | Entered Level 5 of the Dungeon
  7688 | D:6      | Reached skill level 8 in Unarmed Combat
  7869 | D:6      | Reached XP level 9. HP: 71/71 MP: 6/10
  7938 | D:6      | Found a shimmering blue altar of Sif Muna.
  8310 | D:6      | Found a radiant altar of Vehumet.
  8587 | D:6      | Reached skill level 1 in Throwing
  8840 | D:7      | Found a staircase to the Ecumenical Temple.
  8860 | D:7      | Reached skill level 1 in Evocations
  8871 | Temple   | Entered the Ecumenical Temple
  9191 | Temple   | Became a worshipper of Warmaster Okawaru
  9221 | D:7      | Reached skill level 9 in Unarmed Combat
  9264 | D:7      | Found a flagged portal.
  9453 | Bailey   | Entered a bailey
  9749 | Bailey   | Noticed an orc knight
  9759 | Bailey   | HP: 2/73 [orc knight (13)]
  9781 | Bailey   | Killed an orc knight
  9782 | Bailey   | Reached skill level 5 in Fighting
  9782 | Bailey   | Reached skill level 5 in Dodging
 10263 | Bailey   | Found an iron altar of Okawaru.
 10437 | D:7      | You are sucked into a shaft and drop 2 floors!
 10446 | D:8      | Noticed Maurice
 10465 | D:8      | Killed Maurice
 10465 | D:8      | Reached * piety under Okawaru
 10474 | D:8      | Reached XP level 10. HP: 43/81 MP: 11/11
 11247 | D:8      | Found a staircase to the Lair.
 11296 | D:8      | HP: 2/83 [killer bee (4)]
 11816 | D:8      | Noticed Harold
 11836 | D:8      | Killed Harold
 11836 | D:8      | Reached ** piety under Okawaru
 11837 | D:8      | Reached skill level 1 in Stealth
 11837 | D:8      | Reached skill level 10 in Unarmed Combat
 11860 | D:8      | Noticed a two-headed ogre
 12212 | D:8      | Killed a two-headed ogre
 12485 | Lair:1   | Entered Level 1 of the Lair of Beasts
 12563 | D:8      | Learned a level 4 spell: Ice Form
 12622 | Lair:1   | Reached *** piety under Okawaru
 12916 | Lair:1   | Noticed a cane toad
 12933 | Lair:1   | Killed a cane toad
 13135 | Lair:1   | Noticed a cane toad
 13145 | Lair:1   | Killed a cane toad
 13146 | Lair:1   | Reached skill level 1 in Ice Magic
 13146 | Lair:1   | Reached XP level 11. HP: 83/91 MP: 8/13
 13377 | Lair:1   | Identified the +8 lajatang of Amim {antimagic, rN+}
 13542 | Lair:1   | Identified the +5 war axe of the Beginning {freeze, rC+ rN+
                  | Will+}
 13691 | Lair:1   | Noticed a five-headed hydra
 13694 | Lair:1   | HP: 5/110 [five-headed hydra (2)]
 14057 | Lair:1   | Killed a five-headed hydra
 14057 | Lair:1   | Reached **** piety under Okawaru
 14261 | Lair:1   | Reached skill level 5 in Invocations
 14473 | Lair:1   | Identified the +8 scale mail of Zin's Grace {Str+6 Dex-4}
 14715 | Lair:2   | Received a gift from Okawaru
 14819 | Lair:2   | Found a staircase to the Snake Pit.
 14911 | Lair:2   | Slain by a yak

Illustrated notes

Levels and vault maps discovered:
D:1:      amcnicky_arrival_gap_in_the_tavern_cellar, layout_rooms,
          chequers_ecumenical_altar_grove, serial_shops, shop
D:2:      layout_basic, kennysheep_cluttered_room
D:3:      minmay_spotlight, layout_basic, portal_sewer_entry_d, serial_shops,
          shop, wander_ebering_terrifying_dragon_lair, uniq_natasha
D:4:      layout_loops_ring, fedhas_altar_decomposition,
          mainiacjoe_overflow_catwalk, serial_shops, shop,
          minmay_misc_feat_hallway, minmay_liquid_box, uniq_menkaure
D:5:      layout_basic
D:6:      minmay_general_purpose_star, layout_rooms,
          nicolae_sif_muna_condensation, mainiacjoe_overflow_cross_hatched,
          kennysheep_dice
D:7:      layout_rooms, minmay_temple_entry_junction, enter_bailey_8,
          st_stairs_14
D:8:      layout_cave_pools, erik_lair_orcish_takeover, uniq_harold,
          uniq_maurice
D:9:      layout_loops_ring, nicolae_ru_awakened_eye, serial_shops,
          nicolae_shop_trees, nicolae_stop_n_shop_2, shop, shop
Temple:   minmay_temple_curvy_branch
Lair:1:   layout_roguey, roderic_batcave, infiniplex_staircase_pool_2
Lair:2:   layout_loops_ring, swamp_mist_pool,
          minmay_snake_entry_guardpost_small, lemuel_fruit_fields, uniq_fannar

Skill      XL: |  1  2  3  4  5  6  7  8  9 10 11 |
---------------+----------------------------------+-----
Transmutations | 2 3 4 5 6 7 |  7.4
Unarmed Combat | 4 5 6 8 9 10 | 10.8
Poison Magic   | 1 2 3 |  3.0
Fighting       | 4 5 6 7 |  7.8
Dodging        | 4 5 6 7 |  7.3
Throwing       | 3 |  3.0
Evocations     | 2 3 |  3.0
Invocations    | 2 4 5 |  5.0
Stealth        | 2 3 |  3.0
Ice Magic      | 1 2 |  2.4
Spellcasting   | |  1.5

Action                   |  1- 3 |  4- 6 |  7- 9 | 10-12 || total
-------------------------+-------+-------+-------+-------++-------
Melee: Unarmed           |    89 |   163 |   278 |   248 ||   778
       Kick              |    12 |    18 |     2 |     4 ||    36
       Headbutt          |     9 |    11 |       |     1 ||    21
       Punch             |       |     1 |     1 |     1 ||     3
 Fire: Hunting sling     |       |       |    40 |       ||    40
Throw: Dart              |       |       |       |    31 ||    31
       Boomerang         |       |       |       |     5 ||     5
 Cast: Beastly Appendage |    32 |    24 |     2 |     1 ||    59
       Wereblood         |     1 |       |     3 |     2 ||     6
       Spider Form       |       |    18 |    47 |    26 ||    91
       Ice Form          |       |       |       |     7 ||     7
Invok: Heroism           |       |       |       |     2 ||     2
 Abil: End Transformatio |       |       |       |     1 ||     1
Evoke: Wand              |       |     1 |     4 |     4 ||     9
  Use: Scroll            |     3 |       |     8 |     5 ||    16
       Potion            |     1 |     3 |     1 |     3 ||     8
 Stab: Paralysed         |       |     4 |       |       ||     4
       Sleeping          |       |     1 |     2 |       ||     3
Armor: Robe              |    14 |    12 |     6 |     4 ||    36
       Skin              |       |     1 |    10 |    15 ||    26
Dodge: Dodged            |    62 |   115 |   228 |   244 ||   649
Block: Other             |       |       |    20 |    65 ||    85
       Reflection        |       |       |     7 |     1 ||     8
